 Dungeon Crawl Stone Soup version 0.26.1-11-gd32895ea62 (webtiles) character file.

Game seed: 8668489326402023455

220 Jerry the Chucker (level 5, -1/48 (50) HPs)
             Began as a Troll Hunter on June 10, 2021.
             Slain by Crazy Yiuf
             ... wielding a +4 quarterstaff of chaos
              (9 damage)
             ... on level 3 of the Dungeon.
             The game lasted 00:04:42 (2215 turns).

Jerry the Chucker (Troll Hunter)                    Turns: 2215, Time: 00:04:42

HP:   -1/48 (50)    AC:  7    Str: 20    XL:     5   Next: 64%
MP:   3/4           EV: 10    Int:  8    God:
Gold: 80            SH:  0    Dex: 10    Spells: 4/4 levels left

rFire    . . .     SeeInvis .     - Unarmed
rCold    . . .     Faith    .   (no shield)
rNeg     . . .     Spirit   .   s - +1 robe {Will+}
rPois    .         Reflect  .   (helmet restricted)
rElec    .         Harm     .   k - scarf {+Inv}
rCorr    .         Rampage  .   (gloves unavailable)
Will     +....                  (boots unavailable)
Stlth    ++........             (no amulet)
HPRegen  0.56/turn              (no ring)
MPRegen  0.09/turn              (no ring)

@: lightly drained
A: large, unfitting armour, claws 3, regeneration 1, shaggy fur 1, tough skin 3
a: Evoke Invisibility


You were on level 3 of the Dungeon.
You visited 1 branch of the dungeon, and saw 3 of its levels.

You collected 80 gold pieces.

Inventory:

Hand Weapons
 o - a +2 dagger of venom
Missiles
 c - 5 large rocks (quivered)
 d - 2 throwing nets
Armour
 k - a scarf of invisibility (worn)
 s - a +1 robe of willpower (worn)
Jewellery
 l - an uncursed ring of willpower {unknown}
 q - an uncursed amulet of the acrobat {unknown}
Scrolls
 b - a scroll of blinking {unknown}
 e - a scroll of random uselessness {unknown}
 f - a scroll of enchant weapon {unknown}
 g - 5 scrolls of teleportation {unknown}
 i - a scroll of remove curse {unknown}
 r - a scroll of identify {unknown}
Potions
 a - a potion of haste {unknown}
 h - a potion of berserk rage {unknown}
 j - a potion of might {unknown}
 m - a potion of curing {unknown}
 n - a potion of resistance {unknown}
 p - 2 potions of attraction {unknown}


   Skills:
 + Level 2.5 Fighting
 + Level 4.2 Throwing
 - Level 2.1 Dodging
 + Level 1.4 Stealth
 + Level 2.2 Unarmed Combat
 + Level 1.0 Evocations


You had 4 spell levels left.
You didn't know any spells.
Your spell library was empty.

Dungeon Overview and Level Annotations

Branches:
Dungeon (3/15)

Altars:
Nemelex Xobeh

Annotations:
D:3 Crazy Yiuf


Innate Abilities, Weirdness & Mutations

You are too large for most types of armour.
You have claws for hands.
Your natural rate of healing is unusually fast.
You are covered in fur. (AC +1)
You have extremely tough skin. (AC +3)


Message History

Crazy Yiuf is heavily wounded.
Crazy Yiuf hits you with a +4 quarterstaff of chaos!
Space bends around you.
You have turned to stone.
Crazy Yiuf hits you with a +4 quarterstaff of chaos.
You feel your power leaking away.
Crazy Yiuf hits you with a +4 quarterstaff of chaos.
Crazy Yiuf hits you with a +4 quarterstaff of chaos!
Crazy Yiuf burns you. Crazy Yiuf completely misses you.
Crazy Yiuf hits you but does no damage.
You are electrocuted!
Crazy Yiuf hits you with a +4 quarterstaff of chaos.
Crazy Yiuf hits you with a +4 quarterstaff of chaos!
* * * LOW HITPOINT WARNING * * *
You are electrocuted!
* * * LOW HITPOINT WARNING * * *
You turn to flesh and can move again.
You scratch Crazy Yiuf.
Crazy Yiuf is severely wounded.
Crazy Yiuf hits you with a +4 quarterstaff of chaos!
You die...

#....##
#....#
♣....♣
#########
♣♣...♣
#.......#
♣♣.♣♣
#######.#
♣♣.♣ #.#
♣.♣♣ #.#
♣♣.♣
#######>####
♣@♣♣
#...........
#g#
#.#####.####
... #.# #.#
#...# #<#
#.# #)..#
#.# #.#
#####
#.#####.###
#.........#
#########.#
#.#


You could see Crazy Yiuf.

Vanquished Creatures
  An orc priest (D:3)
  3 orc wizards (D:3)
  Robin (D:2)
  4 adders
  2 dart slugs (D:2)
  2 leopard geckos
  6 orcs (D:3)
  4 bats
  A giant cockroach (D:3)
  9 goblins
  8 hobgoblins
  6 kobolds
  5 frilled lizards
  5 rats
57 creatures vanquished.

Vanquished Creatures (others)
  4 plants (D:2)
4 creatures vanquished.

Grand Total: 61 creatures vanquished

Notes
Turn   | Place    | Note
-------+----------+-------------------------------------------
     0 | D:1      | Jerry the Troll Hunter began the quest for the Orb.
     0 | D:1      | Reached XP level 1. HP: 19/19 MP: 0/0
   663 | D:2      | Reached XP level 2. HP: 28/28 MP: 1/1
   713 | D:2      | Reached skill level 1 in Unarmed Combat
   773 | D:2      | Found a sparkling altar of Nemelex Xobeh.
   825 | D:2      | Reached XP level 3. HP: 34/35 MP: 2/2
  1161 | D:2      | Reached skill level 1 in Stealth
  1480 | D:2      | Noticed Robin
  1517 | D:2      | Killed Robin
  1518 | D:2      | Reached XP level 4. HP: 40/42 MP: 3/3
  1901 | D:3      | Reached skill level 4 in Throwing
  1917 | D:3      | Reached XP level 5. HP: 28/50 MP: 4/4
  1998 | D:3      | Reached skill level 1 in Evocations
  2200 | D:3      | Found a runed translucent door.
  2201 | D:3      | Noticed Crazy Yiuf
  2215 | D:3      | Slain by Crazy Yiuf

Illustrated notes

Levels and vault maps discovered:
D:1:      dpeg_arrival_short_road, layout_basic
D:2:      cheibrodos_old_hovel, layout_basic, lemuel_doored_altar, uniq_robin
D:3:      layout_loops_ring, lemuel_zombie_altar_kikubaaqudgha,
          uniq_crazy_yiuf_cottage

Skill      XL: |  1  2  3  4  5 |
---------------+----------------+-----
Unarmed Combat | 1 2 |  2.2
Fighting       | 2 |  2.5
Dodging        | 2 |  2.1
Stealth        | 1 |  1.4
Throwing       | 4 |  4.2
Evocations     | 1 |  1.0

Action                   |  1- 3 |  4- 6 || total
-------------------------+-------+-------++-------
Melee: Unarmed           |    99 |    69 ||   168
       Punch             |       |     1 ||     1
 Stab: Sleeping          |     1 |       ||     1
Armor: Robe              |    36 |    22 ||    58
Dodge: Dodged            |    42 |    25 ||    67
